AoeStats
← Unclefly

Black Forest

503201359Analyzed
3v3 RM · 1mo ago on Aug 30, 2026· 37m 9s· 6 players
Game mode
Random Map
Map size
Normal (6 player)
Population
200
Speed
Normal
Resources
Standard
Victory
Conquest
Starting age
Dark Age
Ending age
Imperial Age
RankedLock teamsTeams togetherTeam positionsShared explorationLock speedFull tech treeHidden civsTurbo modeCheats
Victory
Defeat
🇨🇦 Khmer · Canada
1034
+14
🇪🇸 Bohemians · Spain
1032
+15
🇻🇳 Magyars · Vietnam
953
+53
🇺🇸 Portuguese · United States
1000
-47
🇺🇸 Mongols · United States
1000
-47
🇺🇸 Britons · United States
1000
-47
MesaBoogieMan24
6:13 Loom
10:38 Feudal Age
11:32 Double-Bit Axe
18:28 Castle Age
18:12 Horse Collar
23:06 Fletching
23:18 Padded Archer Armor
23:20 Scale Mail Armor
23:31 Forging
24:08 Bow Saw
27:50 Bodkin Arrow
28:20 Elite Skirmisher
29:27 Pikeman
35:12 Imperial Age
34:00 Chain Mail Armor
34:02 Leather Archer Armor
34:22 Iron Casting
SirBeefStew
4:27 Loom
11:07 Feudal Age
11:39 Double-Bit Axe
11:49 Horse Collar
15:11 Fletching
15:22 Padded Archer Armor
21:04 Castle Age
21:38 Gold Mining
21:38 Stone Mining
23:51 Heavy Plow
24:13 Fervor
26:48 Crossbowman
32:14 Bow Saw
33:11 Thumb Ring
37:34 Ballistics
Sauce Boss7889
9:05 Loom
11:11 Feudal Age
9:27 Loom
12:43 Double-Bit Axe
12:41 Horse Collar
19:48 Castle Age
20:49 Heavy Plow
24:59 Bow Saw
28:30 Fletching
28:40 Padded Archer Armor
No Atro
10:42 Feudal Age
12:23 Loom
15:06 Castle Age
15:51 Double-Bit Axe
15:49 Horse Collar
17:13 Wheelbarrow
22:07 Bow Saw
22:05 Heavy Plow
25:06 Hand Cart
25:10 Gold Mining
25:12 Stone Mining
30:24 Imperial Age
27:34 Crossbowman
29:26 Gold Shaft Mining
29:27 Stone Shaft Mining
28:47 Fletching
28:58 Padded Archer Armor
31:23 Ballistics
31:03 Bodkin Arrow
31:23 Leather Archer Armor
30:53 Arbalester
34:21 Bracer
34:52 Heavy Scorpion
35:44 Double Crossbow
37:31 Ring Archer Armor
turok
0:35 Loom
11:20 Feudal Age
13:06 Double-Bit Axe
21:18 Castle Age
19:37 Horse Collar
23:32 Chemistry
35:31 Imperial Age
36:04 Ballistics
36:37 Wheelbarrow
Unclefly
0:37 Loom
11:34 Feudal Age
12:49 Wheelbarrow
12:02 Double-Bit Axe
15:09 Horse Collar
18:21 Gold Mining
21:21 Castle Age
20:19 Scale Barding Armor
22:17 Hand Cart
22:23 Bow Saw
26:15 Gold Shaft Mining
26:06 Chain Barding Armor
26:27 Heavy Plow
28:34 Corvinian Army
31:36 Imperial Age
29:23 Bloodlines
29:15 Husbandry
33:15 Stone Mining
34:05 Elite Magyar Huszar
35:35 Murder Holes
36:34 Conscription
38:11 Parthian Tactics
37:53 Thumb Ring
Connection lost

Rejoining the realm…

Still unreachable

The connection could not be restored.

Session expired

The server has moved on; the page needs a fresh start.